 Dungeon Crawl Stone Soup version 0.28.0-47-ge53b351184 (webtiles) character file.

Game seed: 10763934933511202726

3179 101zpm the Thaumaturge (level 10, -22/60 HPs)
             Began as a Djinni Fire Elementalist on May 4, 2022.
             Annihilated by an orc warlord
             ... wielding a +0 war axe
              (25 damage)
             ... in a bailey.
             The game lasted 00:37:12 (14385 turns).

101zpm the Thaumaturge (Djinni Fire Elementalist)  Turns: 14385, Time: 00:37:13

Health: -22/60     AC:  5    Str:  7    XL:     10   Next: 16%
Gold:   377        EV: 10    Int: 21    God:
                   SH:  0    Dex: 20

rFire   + + .      SeeInvis .   i - staff of air
rCold   x . .      Faith    .   (no shield)
rNeg    . . .      Spirit   .   a - +0 ring mail {Will+}
rPois   ∞          Reflect  .   (no helmet)
rElec   +          Harm     .   (no cloak)
rCorr   .          Rampage  .   (no gloves)
Will    ++...                   (boots unavailable)
Stlth   ++........              (no amulet)
HPRegen 0.20/turn               t - +6 ring of dexterity
MPRegen 0.00/turn               (no ring)

@: flying
A: sickness immunity, fire resistance 2, cold vulnerability 1, float, innate
caster, HP casting, extra vitality 1
a: no special abilities


You were in a bailey.
You visited 2 branches of the dungeon, and saw 9 of its levels.
You also visited: Bailey.

You collected 487 gold pieces.
You spent 110 gold pieces at shops.

Inventory:

Missiles
 w - 18 boomerangs
Armour
 a - a +0 ring mail of willpower (worn)
 e - +0 shadow dragon scales
 k - a +0 buckler
 l - a +1 pair of gloves
Magical Staves
 i - a staff of air (weapon)
Jewellery
 t - a +6 ring of dexterity (left hand)
Scrolls
 b - 9 scrolls of teleportation {unknown}
 d - 13 scrolls of identify
 f - 2 scrolls of fear {unknown}
 g - a scroll of immolation {unknown}
 n - 2 scrolls of vulnerability {unknown}
 p - a scroll of fog {unknown}
 q - a scroll of magic mapping
 x - a scroll of blinking {unknown}
Potions
 c - 12 potions of degeneration
 h - 4 potions of might {unknown}
 j - a potion of cancellation {unknown}
 m - a potion of attraction {unknown}
 o - a potion of lignification {unknown}
 r - 2 potions of heal wounds {unknown}
 s - 2 potions of haste
 u - a potion of invisibility {unknown}
 v - 2 potions of mutation {unknown}


   Skills:
 + Level 4.2 Armour
 + Level 2.4 Dodging
 + Level 2.9 Stealth
 + Level 10.0 Spellcasting


You had 8 spell levels left.
You knew the following spells:

 Your Spells              Type           Power      Damage    Failure   Level
a - Foxfire               Conj/Fire      100%       2x1d9     1%          1
b - Scorch                Fire           100%       2d10      1%          2
c - Conjure Flame         Conj/Fire      51%        6-21      1%          3
d - Inner Flame           Hex/Fire       51%        N/A       1%          3
e - Flame Wave            Conj/Fire      51%        2d10      3%          4
f - Summon Small Mammal   Summ           100%       N/A       1%          1
g - Blink                 Tloc           100%       N/A       1%          2
h - Searing Ray           Conj           100%       2d8       1%          2
i - Vampiric Draining     Necr           51%        2d9       1%          3
Your spell library was empty.

Dungeon Overview and Level Annotations

Branches:
Dungeon (8/15)             Temple (1/1) D:5          Bailey (1/1)
   Lair: D:8-11

Altars:
Ashenzari
Cheibriados
Dithmenos
Elyvilon
Fedhas
Kikubaaqudgha
Makhleb
Nemelex Xobeh
Okawaru
Qazlal
Ru
Sif Muna
Uskayaw
Wu Jian
Xom
Yredelemnul
Zin

Shops:
D:4 ?

Annotations:
D:6 2 runed translucent doors, mistmaker's ghost, novice TeAE


Innate Abilities, Weirdness & Mutations

You are immune to sickness and miasma.
You are immune to poison.
Your flesh is very heat resistant. (rF++)
You are vulnerable to cold. (rC-)
You float through the air rather than walking.
You learn spells naturally, not from books.
Your magical power is your life essence.
You have superior vitality. (+4 MHP)


Message History

The orc warlord is engulfed in blazing flames.
Flame seeps out of the orc warlord.
The orc warlord barely misses you.
Casting: Scorch (safe; 1% risk of failure)
Confirm with . or Enter, or press ? or * to list all spells.
Flames lash the orc warlord.
The orc warlord is burned terribly!
Flame seeps out of the orc warlord.
The orc warlord is severely wounded.
The orc warlord is engulfed in blazing flames.
Flame seeps out of the orc warlord.
The orc warlord hits you with a +0 war axe!!
Ouch! That really hurt!
* * * LOW HITPOINT WARNING * * *
Casting: Foxfire (safe; 1% risk of failure)
Press: ? - help, Q - select action, (/) - cycle Dir - look around, f - activate You conjure some foxfire!
* * * LOW HITPOINT WARNING * * *
The orc warlord is engulfed in blazing flames.
Flame seeps out of the orc warlord.
The orc warlord hits you with a +0 war axe!
* * * LOW HITPOINT WARNING * * *
The orc warlord closely misses your quokka.
The orc warlord hits your foxfire with a +0 war axe.
Your quokka barely misses the orc warlord.
The orc warlord is engulfed in blazing flames.
Flame seeps out of the orc warlord.
The orc warlord barely misses you.
The orc warlord hits your foxfire with a +0 war axe!!
The orc warlord hits your quokka with a +0 war axe!
Your quokka dies!
Your quokka's corpse disappears in a puff of smoke!
The foxfire hits the orc warlord.
The orc warlord is burned terribly!
Flame seeps out of the orc warlord.
The orc warlord is almost dead.
The orc warlord is engulfed in blazing flames.
Flame seeps out of the orc warlord.
Casting: Foxfire (safe; 1% risk of failure)
Press: ? - help, Q - select action, (/) - cycle Dir - look around, f - activate You conjure some foxfire!
* * * LOW HITPOINT WARNING * * *
The orc warlord hits you with a +0 war axe!!
You die...

##.....## ##.....
##.......#######......
##..8..8...........8..8
#......................
#.....§.§..............
#...8......#'''#......8
##......####≈≈≈####....
♣##...ov#≈≈≈≈≈≈≈≈≈#....
♣.##.§@.#≈.8...8.≈#....
♣♣..###v###.......###'##
♣...≈≈≈.#≈≈.8...8.≈≈#.≈≈
♣♣...≈≈≈.#≈.........≈#.≈≈
♣∩...≈≈≈.#≈....∩....≈#.≈≈
♣♣...≈≈≈.##.........##.≈≈
♣...≈≈≈.#≈..8...8..≈#.≈≈
♣♣..###'#≈.........≈#'##
♣.##...#≈.!8o..8.|≈#...


You could see an orc warlord (fast, inner flame, combustible, ally target).

Vanquished Creatures
  Harold (D:8)
  Sigmund (D:3)
  A necrophage (D:6)
  A sky beast (D:5)
  4 orc warriors (Bailey)
  2 hornet zombies (D:6)
  3 ogres
  2 black bears
  A phantom (D:5)
  A gnoll sergeant (D:5)
  A wyvern zombie (D:5)
  2 scorpions
  A water moccasin skeleton (D:4)
  A centaur zombie (D:5)
  A hound (D:4)
  5 orc priests
  A gnoll shaman (D:6)
  Jessica (D:3)
  Terence (D:2)
  Natasha (thrice) (D:3)
  An iguana (D:6)
  18 gnolls
  10 adders
  A shadow imp (D:5)
  A white imp (D:6)
  An adder skeleton (D:4)
  A worm (D:3)
  A dart slug (D:1)
  17 orcs
  7 endoplasms
  3 giant cockroaches (D:1)
  14 goblins
  8 hobgoblins
  3 jackals (D:4)
  A quokka (D:2)
  4 ball pythons
  6 bats
  2 frilled lizards
  17 kobolds
  3 rats (D:1)
153 creatures vanquished.

Vanquished Creatures (collateral kills)
  An orc warrior (Bailey)
  A ball python (D:2)
  3 foxfires
5 creatures vanquished.

Vanquished Creatures (others)
  713 foxfires
713 creatures vanquished.

Grand Total: 871 creatures vanquished

Notes
Turn   | Place    | Note
-------+----------+-------------------------------------------
     0 | D:1      | 101zpm the Djinni Fire Elementalist began the quest for the
                  | Orb.
     0 | D:1      | Reached XP level 1. HP: 15/15 MP: 0/0
   540 | D:1      | Reached XP level 2. HP: 18/21 MP: 0/0
   975 | D:1      | Found a faded altar of an unknown god.
  1350 | D:1      | Reached skill level 3 in Spellcasting
  1587 | D:1      | Reached XP level 3. HP: 19/25 MP: 0/0
  1587 | D:1      | Learned a level 1 spell: Summon Small Mammal
  2125 | D:2      | Noticed Terence
  2154 | D:2      | Killed Terence
  2155 | D:2      | Reached XP level 4. HP: 13/31 MP: 0/0
  2472 | D:2      | Found a snail-covered altar of Cheibriados.
  4417 | D:3      | Found a sparkling altar of Nemelex Xobeh.
  4522 | D:3      | Reached skill level 4 in Spellcasting
  4522 | D:3      | Reached XP level 5. HP: 30/35 MP: 0/0
  4522 | D:3      | Learned a level 2 spell: Blink
  4832 | D:3      | Noticed Jessica
  4835 | D:3      | Killed Jessica
  4869 | D:3      | Noticed Natasha
  4872 | D:3      | Killed Natasha
  5054 | D:3      | Noticed Natasha
  5059 | D:3      | Killed Natasha
  5060 | D:3      | Reached XP level 6. HP: 19/40 MP: 0/0
  5280 | D:3      | Found a glowing silver altar of Zin.
  5313 | D:3      | Noticed Natasha
  5316 | D:3      | Killed Natasha
  5535 | D:3      | Noticed Sigmund
  5540 | D:3      | Killed Sigmund
  5541 | D:3      | Reached skill level 5 in Spellcasting
  5541 | D:3      | Reached XP level 7. HP: 38/45 MP: 0/0
  5541 | D:3      | Learned a level 2 spell: Searing Ray
  6125 | D:4      | Found Iluucuawk's Magic Scroll Boutique.
  6676 | D:4      | Reached skill level 6 in Spellcasting
  6933 | D:4      | Reached XP level 8. HP: 33/50 MP: 0/0
  7998 | D:4      | Bought a scroll of identify for 20 gold pieces
  7998 | D:4      | Bought a scroll of magic mapping for 35 gold pieces
  7998 | D:4      | Bought a scroll of identify for 20 gold pieces
  7998 | D:4      | Bought a scroll of magic mapping for 35 gold pieces
  8019 | D:5      | Entered Level 5 of the Dungeon
  8186 | D:5      | Reached skill level 7 in Spellcasting
  8351 | D:5      | Found a staircase to the Ecumenical Temple.
  8669 | D:5      | Reached skill level 1 in Armour
  8758 | Temple   | Entered the Ecumenical Temple
  9859 | D:6      | Reached skill level 8 in Spellcasting
  9859 | D:6      | Reached XP level 9. HP: 42/55 MP: 0/0
  9859 | D:6      | Learned a level 3 spell: Vampiric Draining
 10648 | D:6      | Found a large runed translucent door.
 10847 | D:6      | Found a large runed translucent door.
 10847 | D:6      | Noticed mistmaker's ghost (novice TeAE)
 10927 | D:6      | Identified the +1 ring mail of Ugifexuf {Drain Regen+
                  | Int+4}
 11908 | D:8      | Noticed Harold
 11922 | D:8      | Killed Harold
 11923 | D:8      | Reached skill level 9 in Spellcasting
 12022 | D:8      | Found a flagged portal.
 12071 | Bailey   | Entered a bailey
 12193 | Bailey   | Reached XP level 10. HP: 25/60 MP: 0/0
 12644 | Bailey   | Noticed an orc warlord
 12750 | Bailey   | Reached skill level 10 in Spellcasting
 12859 | Bailey   | Found a runed translucent gate.
 12859 | Bailey   | Found a runed translucent gate.
 12867 | Bailey   | Found a runed translucent gate.
 14385 | Bailey   | Annihilated by an orc warlord

Illustrated notes

Levels and vault maps discovered:
D:1:      psy_arrival_basics, layout_basic,
          shapermc_ecumenical_altar_mp_highgroup, serial_glass, glass_columns_a,
          glass_columns_c, glass_columns_c, glass_columns_b, glass_columns_b,
          glass_columns_a, due_unseen_surprise, minmay_strange_pillars,
          minmay_misc_feat_iff, minmay_misc_feat_x
D:2:      layout_basic, basic_altar, uniq_terence
D:3:      layout_loops_ring, mainiacjoe_overflow_alcove_4,
          nemelex_spade_bored_becter, uniq_sigmund, uniq_jessica, uniq_natasha
D:4:      cheibrodos_quashed, layout_gridville, serial_shops, shop,
          minmay_crystal_room, minmay_ruptured
D:5:      layout_basic, minmay_temple_entry_enclosed_plants,
          serial_corexii_hall, chequers_hall_statues_corner_a,
          corexii_hall_statues_deadend, kennysheep_path_1
D:6:      layout_basic, ebering_ghost_disaster_area
D:7:      layout_basic, nicolae_hepliaklqana_hippocampus,
          minmay_overflow_temple_star_quad, skrybe_limestone_x
D:8:      layout_loops_ring, enter_bailey_7, uniq_harold
Temple:   jpeg_temple_clearing
Bailey:   bailey_axe_bossmonster_kennysheep, bailey

Skill      XL: |  1  2  3  4  5  6  7  8  9 10 |
---------------+-------------------------------+-----
Spellcasting   | 3 4 5 6 8 9 10 | 10.0
Stealth        | 2 |  2.9
Armour         | 1 4 |  4.2
Dodging        | |  2.4

Action                   |  1- 3 |  4- 6 |  7- 9 | 10-12 || total
-------------------------+-------+-------+-------+-------++-------
 Cast: Foxfire           |    96 |   112 |   202 |    48 ||   458
       Summon Small Mamm |     7 |    19 |    43 |    10 ||    79
       Inner Flame       |     2 |    24 |    70 |    13 ||   109
       Scorch            |       |     9 |    23 |     6 ||    38
       Blink             |       |     1 |    23 |       ||    24
       Conjure Flame     |       |       |     9 |       ||     9
       Searing Ray       |       |       |     3 |     2 ||     5
  Use: Scroll            |       |       |     1 |       ||     1
Armor: Ring mail         |       |       |       |     1 ||     1
Dodge: Dodged            |     2 |     2 |     5 |     2 ||    11
